Rangers vs Panthers
(R1)
Created - November 9, 2024 at 19:29
Goals
|
| Rangers |
1 |
1 |
1 |
3 |
| Panthers |
2 |
2 |
2 |
6 |
|
Shots
|
| Rangers |
8 |
14 |
13 |
35 |
| Panthers |
12 |
13 |
8 |
33 |
|
1st period
1. Panthers , Nikita Kucherov 8 (Niklas Hansson 3, Mikkel Boedker 7) at 5:30
2. Rangers , Sean Couturier 4 (Milan Lucic 5) at 5:36
3. Panthers , Matt Duchene 6 (Nikita Kucherov 5, Mikkel Boedker 8) at 10:18
Penalties :
Ondrej Palat (NyR) for Interference (Minor) at 10:21, Aleksander Barkov (Flo) for Hooking (Minor) at 10:44
2nd period
4. Panthers , Drake Batherson 3 (Miro Aaltonen 3) at 6:09
5. Rangers , Jake McCabe 2 (Ondrej Palat 4, Tomas Hertl 2) at 7:18 (PP)
6. Panthers , Dmitrij Jaskin 1 (Alex Pietrangelo 5, Dominik Kahun 3) at 11:16
Penalties :
Niklas Hansson (Flo) for Hooking (Minor) at 0:11, Jimmy Vesey (Flo) for High sticking (Minor) at 6:45, Devante Smith-Pelly (NyR) for Boarding (Minor) at 7:29, Matt Duchene (Flo) for Delaying the game (Minor) at 14:04, David Pope (NyR) for Roughing (Minor) at 16:32
3rd period
7. Panthers , Alex Pietrangelo 4 (Mikkel Boedker 9, Nikita Kucherov 6) at 1:39 (PP)
8. Panthers , Mikkel Boedker 4 (Matt Duchene 12) at 14:33 (PP)
9. Rangers , Ryan Strome 2 (Tomas Hertl 3, Cale Makar 11) at 19:54
Penalties :
Devante Smith-Pelly (NyR) for Hooking (Minor) at 1:23, Henrik Samuelsson (NyR) for Tripping (Minor) at 2:38, Radim Simek (Flo) for Delaying the game (Minor) at 9:49, Ondrej Palat (NyR) for Tripping (Minor) at 14:19
Goalie Stats
Eric Comrie (NyR), 27 saves from 33 shots - (0.818), L, 1-3-1, 60:00 minutes
Ville Husso (Flo), 32 saves from 35 shots - (0.914), W, 4-4-0, 60:00 minutes
Players Stats for Rangers
Player Name G A P +/- PIM S H SB GA TA FO MP PP MP PK MP
------------------------------------------------------------------------------------
Cale Makar 0 1 1 0 0 7 0 3 1 0 0/0 29:30 4:30 3:42
Casey Mittelstadt 0 0 0 0 0 1 2 0 0 0 0/1 6:54 0:05 0:05
Connor Chatam 0 0 0 0 0 0 0 0 0 0 0/0 6:03 0:12 0:00
David Pope 0 0 0 0 2 1 0 0 1 0 0/0 11:16 0:12 1:03
Devante Smith-Pelly 0 0 0 -1 4 1 5 0 2 0 2/3 20:15 3:45 0:00
Dmitry Kulikov 0 0 0 -2 0 0 1 3 0 1 0/0 19:24 2:23 3:08
Henrik Samuelsson 0 0 0 0 2 3 0 0 1 0 5/6 10:09 0:16 0:00
Jake McCabe 1 0 1 0 0 2 2 1 1 0 0/0 29:30 4:30 3:42
Mikhail Sergachev 0 0 0 0 0 0 0 0 0 1 0/0 11:06 0:00 0:00
Milan Lucic 0 1 1 -1 0 1 2 0 0 0 3/4 24:44 3:45 3:54
Oliver Bjorkstrand 0 0 0 0 0 3 1 0 0 0 0/0 9:11 0:00 0:00
Ondrej Palat 0 1 1 -1 4 1 1 1 1 0 0/1 16:46 2:56 1:36
Patrik Nemeth 0 0 0 -2 0 0 0 0 0 0 0/0 19:24 2:23 3:08
Ryan Strome 1 0 1 -1 0 4 0 0 0 0 2/4 17:43 2:56 1:28
Samuel Blais 0 0 0 0 0 2 0 0 0 0 0/0 6:56 0:00 0:14
Sean Couturier 1 0 1 -1 0 3 0 1 0 1 18/38 24:49 3:52 3:54
Tomas Hertl 0 2 2 -1 0 3 1 0 0 0 9/14 16:42 2:40 1:26
Vince Dunn 0 0 0 0 0 3 1 1 0 1 0/0 11:06 0:00 0:00
Players Stats for Panthers
Player Name G A P +/- PIM S H SB GA TA FO MP PP MP PK MP
------------------------------------------------------------------------------------
Aleksander Barkov 0 0 0 0 2 0 1 2 0 0 12/24 18:51 2:56 3:53
Alex Pietrangelo 1 1 2 2 0 2 1 3 1 0 0/0 27:10 4:08 1:17
Danny DeKeiser 0 0 0 0 0 2 3 0 0 1 0/0 22:45 4:08 2:09
Dmitrij Jaskin 1 0 1 1 0 2 0 0 0 0 0/0 7:09 0:00 0:00
Dominik Kahun 0 1 1 1 0 1 1 0 0 0 1/1 8:23 0:00 0:40
Drake Batherson 1 0 1 1 0 4 2 0 1 0 1/2 11:04 2:57 0:00
Griffin Reinhart 0 0 0 0 0 1 0 0 0 0 0/0 15:59 2:42 0:00
Jimmy Vesey 0 0 0 0 2 4 2 1 0 0 0/0 13:52 0:00 0:55
Kirill Kaprizov 0 0 0 1 0 0 1 0 0 1 1/2 11:42 2:57 0:00
Kris Versteeg 0 0 0 0 0 0 2 2 1 0 1/1 16:02 0:00 4:00
Ladislav Smid 0 0 0 0 0 0 2 0 0 0 0/0 15:02 0:00 4:28
Matt Duchene 1 1 2 0 2 5 3 1 0 0 14/35 22:24 3:53 0:16
Mikkel Boedker 1 3 4 0 0 6 5 0 0 2 1/1 22:40 3:53 1:42
Miro Aaltonen 0 1 1 1 0 0 0 0 1 0 1/4 10:11 0:00 2:04
Nikita Kucherov 1 2 3 0 0 2 0 1 0 0 0/1 21:56 3:53 0:16
Niklas Hansson 0 1 1 2 2 2 3 4 0 3 0/0 24:45 2:42 2:45
Nikolay Goldobin 0 0 0 1 0 1 1 0 0 0 0/0 7:09 0:00 0:00
Radim Simek 0 0 0 0 2 1 1 0 0 0 0/0 14:22 0:00 3:07
3 Stars
1 - Mikkel Boedker (Flo)
2 - Alex Pietrangelo (Flo)
3 - Nikita Kucherov (Flo)
Power Play
Rangers - 1 on 5 Attempt(s) - 20.00%
Panthers - 2 on 6 Attempt(s) - 33.33%
Penalty Kill
Rangers - 4 on 6 Attempt(s) - 66.67%
- Score 0 goal in Penalty Kill
Panthers - 4 on 5 Attempt(s) - 80.00%
- Score 0 goal in Penalty Kill
Team Stat
Rangers - Hits : 16 - Faceoff Wins : 39 - Blocked Shots : 10 - Penalty Minutes : 12
Panthers - Hits : 28 - Faceoff Wins : 32 - Blocked Shots : 14 - Penalty Minutes : 10
Official
Referees : Trevor Hanson and Brandon Blandina
Linesman : Greg Devorski and Ryan Gibbons
Game Notes
No Game Note
Finance
Level 1 -- Attendance: 5969 (99.48%) -- Ticket Income $596,900
Level 2 -- Attendance: 5000 (100.00%) -- Ticket Income $350,000
Level 3 -- Attendance: 2000 (100.00%) -- Ticket Income $80,000
Level 4 -- Attendance: 3853 (96.33%) -- Ticket Income $115,590
Luxury Box -- Attendance: 1000 (100.00%) -- Ticket Income $200,000
Game was played at the BBT Center.
Total Attendance: 17822 (99.01%)
Total Ticket Income: $1,342,490
Other Income: $201,374
Total Income: $1,543,864
Rangers
5 vs 5 Forward
Center Left Wing Right Wing Time % Phy DF OF
1 Sean Couturier Milan Lucic Devante Smith-Pelly 40 1 2 2
2 Tomas Hertl Ondrej Palat Ryan Strome 30 1 2 2
3 Henrik Samuelsson David Pope Oliver Bjorkstrand 20 1 2 2
4 Casey Mittelstadt Samuel Blais Connor Chatam 10 1 2 2
5 vs 5 Defense
Defense Defense Time % Phy DF OF
1 Jake McCabe Cale Makar 45 1 2 2
2 Dmitry Kulikov Patrik Nemeth 30 1 2 2
3 Mikhail Sergachev Vince Dunn 24 1 2 2
4 Jake McCabe Cale Makar 1 1 2 2
PowerPlay Forward
Center Left Wing Right Wing Time % Phy DF OF
1 Sean Couturier Milan Lucic Devante Smith-Pelly 60 1 2 2
2 Tomas Hertl Ondrej Palat Ryan Strome 40 1 2 2
PowerPlay Defense
Defense Defense Time % Phy DF OF
1 Jake McCabe Cale Makar 60 1 2 2
2 Dmitry Kulikov Patrik Nemeth 40 1 2 2
Penalty Kill 4 Players Forward
Center Wing Time % Phy DF OF
1 Sean Couturier Milan Lucic 60 1 2 2
2 Tomas Hertl Ondrej Palat 40 1 2 2
Penalty Kill 4 Players Defense
Defense Defense Time % Phy DF OF
1 Jake McCabe Cale Makar 60 1 2 2
2 Dmitry Kulikov Patrik Nemeth 40 1 2 2
Penalty Kill - 3 Players Forward
Forward Time % Phy DF OF
1 Sean Couturier 60 1 2 2
2 Tomas Hertl 40 1 2 2
Penalty Kill - 3 Players Defense
Defense Defense Time % Phy DF OF
1 Jake McCabe Cale Makar 60 1 2 2
2 Dmitry Kulikov Patrik Nemeth 40 1 2 2
4 vs 4 Forward
Center Wing Time % Phy DF OF
1 Sean Couturier Milan Lucic 60 1 2 2
2 Tomas Hertl Ondrej Palat 40 1 2 2
4 vs 4 Defense
Defense Defense Time % Phy DF OF
1 Jake McCabe Cale Makar 60 1 2 2
2 Dmitry Kulikov Patrik Nemeth 40 1 2 2
Last Minutes Offensive
Center Left Wing Right Wing Defense Defense
Sean Couturier Milan Lucic Devante Smith-Pelly Jake McCabe Cale Makar
Last Minutes Defensive
Center Left Wing Right Wing Defense Defense
Sean Couturier Milan Lucic Devante Smith-Pelly Jake McCabe Cale Makar
Goaltenders
Starting : Eric Comrie
Backup : Samuel Montembeault
Extra Forwards
Normal : Ryan Strome, Ondrej Palat, Henrik Samuelsson - PP : Ryan Strome, Ondrej Palat - PK : Ryan Strome
Extra Defensemen
Normal : Patrik Nemeth, Mikhail Sergachev, Vince Dunn - PP : Patrik Nemeth - PK : Patrik Nemeth, Mikhail Sergachev
Penalty Shots
Milan Lucic, Sean Couturier, Tomas Hertl, Devante Smith-Pelly, Ryan Strome
Custom OT Lines Forwards
Milan Lucic, Sean Couturier, Tomas Hertl, Devante Smith-Pelly, Ryan Strome, Ondrej Palat, Henrik Samuelsson, Oliver Bjorkstrand, David Pope, Samuel Blais
Custom OT Lines Defensemen
Jake McCabe, Cale Makar, Dmitry Kulikov, Patrik Nemeth, Mikhail Sergachev
Scratches
Seth Griffith (Healthy), Stefan Noesen (Healthy), Steven Santini (Healthy)
Panthers
5 vs 5 Forward
Center Left Wing Right Wing Time % Phy DF OF
1 Matt Duchene Mikkel Boedker Nikita Kucherov 40 0 2 3
2 Aleksander Barkov Jimmy Vesey Kris Versteeg 30 0 2 3
3 Miro Aaltonen Kirill Kaprizov Drake Batherson 20 0 2 3
4 Dominik Kahun Nikolay Goldobin Dmitrij Jaskin 10 0 2 3
5 vs 5 Defense
Defense Defense Time % Phy DF OF
1 Alex Pietrangelo Niklas Hansson 40 0 2 3
2 Danny DeKeiser Griffin Reinhart 30 0 2 3
3 Ladislav Smid Radim Simek 20 0 3 2
4 Alex Pietrangelo Danny DeKeiser 10 0 2 3
PowerPlay Forward
Center Left Wing Right Wing Time % Phy DF OF
1 Matt Duchene Mikkel Boedker Nikita Kucherov 60 0 1 4
2 Aleksander Barkov Kirill Kaprizov Drake Batherson 40 0 1 4
PowerPlay Defense
Defense Defense Time % Phy DF OF
1 Alex Pietrangelo Danny DeKeiser 60 0 2 3
2 Niklas Hansson Griffin Reinhart 40 0 2 3
Penalty Kill 4 Players Forward
Center Wing Time % Phy DF OF
1 Aleksander Barkov Kris Versteeg 60 1 3 1
2 Miro Aaltonen Mikkel Boedker 40 1 3 1
Penalty Kill 4 Players Defense
Defense Defense Time % Phy DF OF
1 Ladislav Smid Niklas Hansson 60 1 3 1
2 Danny DeKeiser Radim Simek 40 1 3 1
Penalty Kill - 3 Players Forward
Forward Time % Phy DF OF
1 Kris Versteeg 60 1 3 1
2 Aleksander Barkov 40 1 3 1
Penalty Kill - 3 Players Defense
Defense Defense Time % Phy DF OF
1 Ladislav Smid Niklas Hansson 60 1 3 1
2 Danny DeKeiser Radim Simek 40 1 3 1
4 vs 4 Forward
Center Wing Time % Phy DF OF
1 Matt Duchene Nikita Kucherov 60 0 2 3
2 Aleksander Barkov Mikkel Boedker 40 0 2 3
4 vs 4 Defense
Defense Defense Time % Phy DF OF
1 Alex Pietrangelo Niklas Hansson 60 0 2 3
2 Danny DeKeiser Griffin Reinhart 40 0 2 3
Last Minutes Offensive
Center Left Wing Right Wing Defense Defense
Matt Duchene Mikkel Boedker Nikita Kucherov Alex Pietrangelo Griffin Reinhart
Last Minutes Defensive
Center Left Wing Right Wing Defense Defense
Aleksander Barkov Mikkel Boedker Kris Versteeg Danny DeKeiser Niklas Hansson
Goaltenders
Starting : Ville Husso
Backup : Brandon Halverson
Extra Forwards
Normal : Kirill Kaprizov, Nikita Kucherov, Matt Duchene - PP : Drake Batherson, Matt Duchene - PK : Miro Aaltonen
Extra Defensemen
Normal : Radim Simek, Alex Pietrangelo, Niklas Hansson - PP : Alex Pietrangelo - PK : Radim Simek, Niklas Hansson
Penalty Shots
Drake Batherson, Nikita Kucherov, Mikkel Boedker, Miro Aaltonen, Aleksander Barkov
Custom OT Lines Forwards
Matt Duchene, Nikita Kucherov, Aleksander Barkov, Drake Batherson, Kirill Kaprizov, Mikkel Boedker, Miro Aaltonen, Jimmy Vesey, Nikolay Goldobin, Kris Versteeg
Custom OT Lines Defensemen
Alex Pietrangelo, Danny DeKeiser, Niklas Hansson, Griffin Reinhart, Ladislav Smid
Scratches
Nikita Tryamkin (Healthy)
% Time on Ice - Rangers
Lines # - Real PCT - Wanted PCT - Time Play
Normal Forward
1 - 39% - 40% - 17:23
2 - 27% - 30% - 12:16
3 - 21% - 20% - 9:11
4 - 13% - 10% - 5:51
Normal Defense
1 - 46% - 45% - 20:23
2 - 30% - 30% - 13:12
3 - 25% - 24% - 11:06
4 - 0% - 1% - 0:00
PP Forward
1 - 61% - 60% - 4:13
2 - 39% - 40% - 2:40
PP Defense
1 - 65% - 60% - 4:30
2 - 35% - 40% - 2:23
PK Forward
1 - 79% - 60% - 5:24
2 - 21% - 40% - 1:26
PK Defense
1 - 54% - 60% - 3:42
2 - 46% - 40% - 3:08
PK3 Forward
1 - 0% - 60%
2 - 0% - 40%
PK3 Defense
1 - 0% - 60%
2 - 0% - 40%
44 Forward
1 - 79% - 60% - 1:16
2 - 21% - 40% - 0:20
44 Defense
1 - 57% - 60% - 0:55
2 - 43% - 40% - 0:41
Last Minute Offensive - 0:00
Last Minute Defensive - 0:00
Total
Forward - 60:00
Defense - 60:00
|
% Time on Ice - Panthers
Lines # - Real PCT - Wanted PCT - Time Play
Normal Forward
1 - 39% - 40% - 17:23
2 - 27% - 30% - 12:02
3 - 18% - 20% - 8:07
4 - 16% - 10% - 7:09
Normal Defense
1 - 43% - 40% - 19:21
2 - 30% - 30% - 13:23
3 - 23% - 20% - 10:30
4 - 3% - 10% - 1:27
PP Forward
1 - 57% - 60% - 3:53
2 - 43% - 40% - 2:57
PP Defense
1 - 60% - 60% - 4:08
2 - 40% - 40% - 2:42
PK Forward
1 - 75% - 60% - 5:11
2 - 25% - 40% - 1:42
PK Defense
1 - 69% - 60% - 4:44
2 - 31% - 40% - 2:09
PK3 Forward
1 - 0% - 60%
2 - 0% - 40%
PK3 Defense
1 - 0% - 60%
2 - 0% - 40%
44 Forward
1 - 83% - 60% - 1:20
2 - 17% - 40% - 0:16
44 Defense
1 - 63% - 60% - 1:00
2 - 38% - 40% - 0:36
Last Minute Offensive - 0:00
Last Minute Defensive - 0:00
Total
Forward - 60:00
Defense - 60:00
|
Play-by-Play
1st period
0:01 of 1st period - Sean Couturier wins face-off versus Matt Duchene in neutral zone.
0:37 of 1st period - Slapshot by Alex Pietrangelo.
0:37 of 1st period - Shot Misses the Net.
2:12 of 1st period - Off-side.
2:13 of 1st period - Henrik Samuelsson wins face-off versus Miro Aaltonen in neutral zone.
2:16 of 1st period - Wrist shot by Oliver Bjorkstrand.
2:16 of 1st period - Shot Blocked by Niklas Hansson.
2:20 of 1st period - Snap shot by Oliver Bjorkstrand.
2:20 of 1st period - Stopped by Ville Husso with a rebound.
2:22 of 1st period - Wrist shot by Vince Dunn.
2:22 of 1st period - Shot Misses the Net.
2:24 of 1st period - Wrist shot by Henrik Samuelsson.
2:24 of 1st period - Stopped by Ville Husso without a rebound.
2:25 of 1st period - Sean Couturier wins face-off versus Matt Duchene in Panthers zone.
2:28 of 1st period - Backhand shot by Milan Lucic.
2:28 of 1st period - Shot Misses the Net.
4:36 of 1st period - Snap shot by Jimmy Vesey.
4:36 of 1st period - Stopped by Eric Comrie with a rebound.
5:24 of 1st period - Slapshot by Matt Duchene.
5:24 of 1st period - Stopped by Eric Comrie without a rebound.
5:25 of 1st period - Matt Duchene wins face-off versus Tomas Hertl in Rangers zone.
5:26 of 1st period - Snap shot by Mikkel Boedker.
5:26 of 1st period - Stopped by Eric Comrie with a rebound.
5:28 of 1st period - Slapshot by Niklas Hansson.
5:28 of 1st period - Stopped by Eric Comrie with a rebound.
5:30 of 1st period - Slapshot by Niklas Hansson.
5:30 of 1st period - Deflect By Nikita Kucherov.
5:30 of 1st period - Goal by Nikita Kucherov - Rangers : 0 - Panthers : 1.
5:31 of 1st period - Sean Couturier wins face-off versus Matt Duchene in neutral zone.
5:34 of 1st period - Wrist shot by Sean Couturier.
5:34 of 1st period - Shot Blocked by Niklas Hansson.
5:36 of 1st period - Snap shot by Sean Couturier.
5:36 of 1st period - Goal by Sean Couturier - Rangers : 1 - Panthers : 1.
5:37 of 1st period - Matt Duchene wins face-off versus Sean Couturier in neutral zone.
6:04 of 1st period - Griffin Reinhart is hit by Ondrej Palat and loses puck.
6:25 of 1st period - Slapshot by Drake Batherson.
6:25 of 1st period - Shot Misses the Net.
6:50 of 1st period - Slapshot by Casey Mittelstadt.
6:50 of 1st period - Stopped by Ville Husso without a rebound.
6:51 of 1st period - Matt Duchene wins face-off versus Casey Mittelstadt in Panthers zone.
7:16 of 1st period - Niklas Hansson is hit by Jake McCabe and loses puck.
7:23 of 1st period - Cale Makar is hit by Mikkel Boedker and loses puck.
7:46 of 1st period - Nikita Kucherov is hit by Devante Smith-Pelly and loses puck.
7:59 of 1st period - Henrik Samuelsson is hit by Jimmy Vesey.
8:05 of 1st period - Snap shot by Oliver Bjorkstrand.
8:05 of 1st period - Stopped by Ville Husso without a rebound.
8:06 of 1st period - Aleksander Barkov wins face-off versus Sean Couturier in Panthers zone.
8:06 of 1st period - Aleksander Barkov is hit by Devante Smith-Pelly.
8:17 of 1st period - Snap shot by Sean Couturier.
8:17 of 1st period - Stopped by Ville Husso without a rebound.
8:18 of 1st period - Sean Couturier wins face-off versus Aleksander Barkov in Panthers zone.
8:21 of 1st period - Snap shot by Sean Couturier.
8:21 of 1st period - Shot Misses the Net.
8:23 of 1st period - Snap shot by Sean Couturier.
8:23 of 1st period - Shot Blocked by Alex Pietrangelo.
8:25 of 1st period - Slapshot by Dmitry Kulikov.
8:25 of 1st period - Shot Blocked by Alex Pietrangelo.
8:53 of 1st period - Icing by Dmitry Kulikov.
8:54 of 1st period - Tomas Hertl wins face-off versus Matt Duchene in Rangers zone.
9:00 of 1st period - Off-side.
9:01 of 1st period - Matt Duchene wins face-off versus Sean Couturier in neutral zone.
9:14 of 1st period - Cale Makar is hit by Mikkel Boedker and loses puck.
9:23 of 1st period - Cale Makar is hit by Matt Duchene and loses puck.
10:18 of 1st period - Snap shot by Matt Duchene.
10:18 of 1st period - Goal by Matt Duchene - Rangers : 1 - Panthers : 2.
10:19 of 1st period - Tomas Hertl wins face-off versus Aleksander Barkov in neutral zone.
10:21 of 1st period - Minor Penalty to Ondrej Palat for Interference.
10:22 of 1st period - Sean Couturier wins face-off versus Aleksander Barkov in Rangers zone.
10:22 of 1st period - Sean Couturier is hit by Danny DeKeiser.
10:33 of 1st period - Milan Lucic is hit by Alex Pietrangelo and loses puck.
10:44 of 1st period - Minor Penalty to Aleksander Barkov for Hooking.
10:45 of 1st period - Milan Lucic wins face-off versus Matt Duchene in Panthers zone.
11:47 of 1st period - Slapshot by Griffin Reinhart.
11:47 of 1st period - Stopped by Eric Comrie without a rebound.
11:48 of 1st period - Ryan Strome wins face-off versus Kirill Kaprizov in Rangers zone.
12:21 of 1st period - Penalty to Ondrej Palat is over, Ondrej Palat is back on ice.
12:24 of 1st period - Wrist shot by Henrik Samuelsson.
12:24 of 1st period - Stopped by Ville Husso with a rebound.
12:34 of 1st period - Wrist shot by Ondrej Palat.
12:34 of 1st period - Shot Misses the Net.
12:36 of 1st period - Slapshot by Jake McCabe.
12:36 of 1st period - Deflect By Ondrej Palat.
12:36 of 1st period - Shot Misses the Net.
12:36 of 1st period - Puck is out of play.
12:37 of 1st period - Sean Couturier wins face-off versus Miro Aaltonen in Panthers zone.
12:44 of 1st period - Penalty to Aleksander Barkov is over, Aleksander Barkov is back on ice.
13:47 of 1st period - Dmitrij Jaskin is hit by Devante Smith-Pelly and loses puck.
14:09 of 1st period - Backhand shot by Oliver Bjorkstrand.
14:09 of 1st period - Shot Misses the Net.
14:42 of 1st period - Snap shot by Jimmy Vesey.
14:42 of 1st period - Stopped by Eric Comrie without a rebound.
14:43 of 1st period - Devante Smith-Pelly wins face-off versus Aleksander Barkov in Rangers zone.
14:43 of 1st period - Devante Smith-Pelly is hit by Ladislav Smid.
14:59 of 1st period - Snap shot by Devante Smith-Pelly.
14:59 of 1st period - Deflect By Jimmy Vesey.
14:59 of 1st period - Shot Blocked by Aleksander Barkov.
14:59 of 1st period - Puck is out of play.
15:00 of 1st period - Matt Duchene wins face-off versus Ondrej Palat in Panthers zone.
15:11 of 1st period - Wrist shot by Matt Duchene.
15:11 of 1st period - Shot Misses the Net.
16:38 of 1st period - Wrist shot by Ryan Strome.
16:38 of 1st period - Shot Misses the Net.
16:58 of 1st period - Slapshot by Vince Dunn.
16:58 of 1st period - Stopped by Ville Husso without a rebound.
16:59 of 1st period - Aleksander Barkov wins face-off versus Henrik Samuelsson in Panthers zone.
17:14 of 1st period - Wrist shot by Jimmy Vesey.
17:14 of 1st period - Shot Blocked by Dmitry Kulikov.
17:48 of 1st period - Devante Smith-Pelly is hit by Nikolay Goldobin and loses puck.
17:57 of 1st period - Snap shot by Milan Lucic.
17:57 of 1st period - Shot Blocked by Niklas Hansson.
18:12 of 1st period - Niklas Hansson is hit by Casey Mittelstadt and loses puck.
19:11 of 1st period - Sean Couturier is hit by Ladislav Smid and loses puck.
19:41 of 1st period - Snap shot by Dmitrij Jaskin.
19:41 of 1st period - Shot Misses the Net.
19:47 of 1st period - Snap shot by Dmitrij Jaskin.
19:47 of 1st period - Stopped by Eric Comrie with a rebound.
19:49 of 1st period - Wrist shot by Dominik Kahun.
19:49 of 1st period - Stopped by Eric Comrie with a rebound.
19:51 of 1st period - Snap shot by Nikolay Goldobin.
19:51 of 1st period - Stopped by Eric Comrie with a rebound.
19:53 of 1st period - Slapshot by Radim Simek.
19:53 of 1st period - Stopped by Eric Comrie without a rebound.
19:54 of 1st period - Matt Duchene wins face-off versus Tomas Hertl in Rangers zone.
19:57 of 1st period - Backhand shot by Nikita Kucherov.
19:57 of 1st period - Shot Hit the Post.
Goals for this period are 1 for Rangers vs 2 for Panthers.
Shots for this period are 8 for Rangers vs 12 for Panthers.
2nd period
0:01 of 2nd period - Matt Duchene wins face-off versus Ryan Strome in neutral zone.
0:11 of 2nd period - Minor Penalty to Niklas Hansson for Hooking.
0:12 of 2nd period - Aleksander Barkov wins face-off versus Sean Couturier in Panthers zone.
0:16 of 2nd period - Snap shot by Sean Couturier.
0:16 of 2nd period - Shot Misses the Net.
0:18 of 2nd period - Wrist shot by Sean Couturier.
0:18 of 2nd period - Shot Hit the Post.
0:20 of 2nd period - Snap shot by Milan Lucic.
0:20 of 2nd period - Shot Misses the Net.
0:22 of 2nd period - Slapshot by Cale Makar.
0:22 of 2nd period - Shot Blocked by Aleksander Barkov.
0:24 of 2nd period - Slapshot by Cale Makar.
0:24 of 2nd period - Deflect By Sean Couturier.
0:24 of 2nd period - Stopped by Ville Husso without a rebound.
0:25 of 2nd period - Sean Couturier wins face-off versus Aleksander Barkov in Panthers zone.
0:28 of 2nd period - Wrist shot by Sean Couturier.
0:28 of 2nd period - Deflect By Devante Smith-Pelly.
0:28 of 2nd period - Shot Misses the Net.
0:28 of 2nd period - Puck is out of play.
0:29 of 2nd period - Aleksander Barkov wins face-off versus Sean Couturier in Panthers zone.
0:29 of 2nd period - Aleksander Barkov is hit by Milan Lucic.
0:41 of 2nd period - Wrist shot by Aleksander Barkov.
0:41 of 2nd period - Shot Blocked by Cale Makar.
0:59 of 2nd period - Slapshot by Tomas Hertl.
0:59 of 2nd period - Stopped by Ville Husso with a rebound.
1:01 of 2nd period - Snap shot by Ondrej Palat.
1:01 of 2nd period - Deflect By Ryan Strome.
1:01 of 2nd period - Stopped by Ville Husso without a rebound.
1:02 of 2nd period - Aleksander Barkov wins face-off versus Tomas Hertl in Panthers zone.
2:06 of 2nd period - Wrist shot by Jimmy Vesey.
2:06 of 2nd period - Shot Blocked by Jake McCabe.
2:11 of 2nd period - Penalty to Niklas Hansson is over, Niklas Hansson is back on ice.
3:05 of 2nd period - Sean Couturier is hit by Niklas Hansson and loses puck.
3:22 of 2nd period - Slapshot by Alex Pietrangelo.
3:22 of 2nd period - Shot Blocked by Vince Dunn.
4:06 of 2nd period - Wrist shot by Milan Lucic.
4:06 of 2nd period - Stopped by Ville Husso with a rebound.
4:16 of 2nd period - Mikhail Sergachev is hit by Danny DeKeiser and loses puck.
4:39 of 2nd period - Ryan Strome is hit by Matt Duchene and loses puck.
5:11 of 2nd period - Henrik Samuelsson is hit by Kris Versteeg.
5:26 of 2nd period - Miro Aaltonen is hit by Devante Smith-Pelly and loses puck.
5:41 of 2nd period - Snap shot by Samuel Blais.
5:41 of 2nd period - Shot Misses the Net.
5:47 of 2nd period - Snap shot by Samuel Blais.
5:47 of 2nd period - Stopped by Ville Husso with a rebound.
5:49 of 2nd period - Slapshot by Vince Dunn.
5:49 of 2nd period - Deflect By Kirill Kaprizov.
5:49 of 2nd period - Stopped by Ville Husso with a rebound.
6:04 of 2nd period - Patrik Nemeth is hit by Niklas Hansson and loses puck.
6:09 of 2nd period - Wrist shot by Drake Batherson.
6:09 of 2nd period - Goal by Drake Batherson - Rangers : 1 - Panthers : 3.
6:10 of 2nd period - Milan Lucic wins face-off versus Matt Duchene in neutral zone.
6:18 of 2nd period - Devante Smith-Pelly is hit by Matt Duchene.
6:23 of 2nd period - Off-side.
6:24 of 2nd period - Sean Couturier wins face-off versus Aleksander Barkov in neutral zone.
6:33 of 2nd period - Snap shot by Milan Lucic.
6:33 of 2nd period - Shot Blocked by Jimmy Vesey.
6:45 of 2nd period - Minor Penalty to Jimmy Vesey for High sticking.
6:46 of 2nd period - Aleksander Barkov wins face-off versus Sean Couturier in Panthers zone.
7:18 of 2nd period - Slapshot by Jake McCabe.
7:18 of 2nd period - Goal by Jake McCabe - Rangers : 2 - Panthers : 3.
7:19 of 2nd period - Mikkel Boedker wins face-off versus Milan Lucic in neutral zone.
7:26 of 2nd period - Snap shot by Matt Duchene.
7:26 of 2nd period - Stopped by Eric Comrie without a rebound.
7:27 of 2nd period - Sean Couturier wins face-off versus Matt Duchene in Rangers zone.
7:29 of 2nd period - Minor Penalty to Devante Smith-Pelly for Boarding.
7:30 of 2nd period - Sean Couturier wins face-off versus Matt Duchene in Rangers zone.
7:43 of 2nd period - Snap shot by Alex Pietrangelo.
7:43 of 2nd period - Stopped by Eric Comrie with a rebound.
7:45 of 2nd period - Slapshot by Mikkel Boedker.
7:45 of 2nd period - Shot Misses the Net.
8:25 of 2nd period - Slapshot by Jake McCabe.
8:25 of 2nd period - Deflect By Kirill Kaprizov.
8:25 of 2nd period - Stopped by Ville Husso without a rebound.
8:26 of 2nd period - Ryan Strome wins face-off versus Drake Batherson in Panthers zone.
9:02 of 2nd period - Icing by Mikkel Boedker.
9:03 of 2nd period - Matt Duchene wins face-off versus Sean Couturier in Panthers zone.
9:10 of 2nd period - Wrist shot by Matt Duchene.
9:10 of 2nd period - Stopped by Eric Comrie without a rebound.
9:11 of 2nd period - Matt Duchene wins face-off versus Sean Couturier in Rangers zone.
9:16 of 2nd period - Backhand shot by Mikkel Boedker.
9:16 of 2nd period - Stopped by Eric Comrie with a rebound.
9:18 of 2nd period - Wrist shot by Mikkel Boedker.
9:18 of 2nd period - Stopped by Eric Comrie with a rebound.
9:20 of 2nd period - Slapshot by Danny DeKeiser.
9:20 of 2nd period - Stopped by Eric Comrie without a rebound.
9:21 of 2nd period - Matt Duchene wins face-off versus Sean Couturier in Rangers zone.
9:29 of 2nd period - Penalty to Devante Smith-Pelly is over, Devante Smith-Pelly is back on ice.
9:43 of 2nd period - Slapshot by Danny DeKeiser.
9:43 of 2nd period - Shot Blocked by Sean Couturier.
9:45 of 2nd period - Wrist shot by Mikkel Boedker.
9:45 of 2nd period - Shot Misses the Net.
9:47 of 2nd period - Slapshot by Mikkel Boedker.
9:47 of 2nd period - Shot Misses the Net.
9:49 of 2nd period - Snap shot by Mikkel Boedker.
9:49 of 2nd period - Stopped by Eric Comrie with a rebound.
9:55 of 2nd period - Wrist shot by Mikkel Boedker.
9:55 of 2nd period - Stopped by Eric Comrie without a rebound.
9:56 of 2nd period - Tomas Hertl wins face-off versus Aleksander Barkov in Rangers zone.
11:16 of 2nd period - Snap shot by Dmitrij Jaskin.
11:16 of 2nd period - Goal by Dmitrij Jaskin - Rangers : 2 - Panthers : 4.
11:17 of 2nd period - Sean Couturier wins face-off versus Matt Duchene in neutral zone.
11:17 of 2nd period - Jake McCabe is hit by Mikkel Boedker and loses puck.
11:24 of 2nd period - Wrist shot by Nikita Kucherov.
11:24 of 2nd period - Shot Misses the Net.
11:26 of 2nd period - Slapshot by Matt Duchene.
11:26 of 2nd period - Shot Blocked by Cale Makar.
11:28 of 2nd period - Slapshot by Alex Pietrangelo.
11:28 of 2nd period - Shot Blocked by Cale Makar.
11:34 of 2nd period - Snap shot by Nikita Kucherov.
11:34 of 2nd period - Shot Misses the Net.
11:44 of 2nd period - Niklas Hansson is hit by Tomas Hertl and loses puck.
11:51 of 2nd period - Wrist shot by Tomas Hertl.
11:51 of 2nd period - Shot Misses the Net.
11:53 of 2nd period - Slapshot by Vince Dunn.
11:53 of 2nd period - Stopped by Ville Husso with a rebound.
11:55 of 2nd period - Wrist shot by Tomas Hertl.
11:55 of 2nd period - Stopped by Ville Husso without a rebound.
11:56 of 2nd period - Henrik Samuelsson wins face-off versus Matt Duchene in Panthers zone.
12:23 of 2nd period - Slapshot by Vince Dunn.
12:23 of 2nd period - Deflect By Devante Smith-Pelly.
12:23 of 2nd period - Stopped by Ville Husso with a rebound.
12:31 of 2nd period - Snap shot by Jimmy Vesey.
12:31 of 2nd period - Stopped by Eric Comrie with a rebound.
12:53 of 2nd period - Wrist shot by Drake Batherson.
12:53 of 2nd period - Stopped by Eric Comrie without a rebound.
12:54 of 2nd period - Matt Duchene wins face-off versus Sean Couturier in Rangers zone.
13:10 of 2nd period - Icing by Cale Makar.
13:11 of 2nd period - Aleksander Barkov wins face-off versus Sean Couturier in Rangers zone.
13:17 of 2nd period - Icing by Cale Makar.
13:18 of 2nd period - Sean Couturier wins face-off versus Aleksander Barkov in Rangers zone.
13:18 of 2nd period - Sean Couturier is hit by Niklas Hansson.
13:38 of 2nd period - Snap shot by Milan Lucic.
13:38 of 2nd period - Shot Blocked by Alex Pietrangelo.
13:40 of 2nd period - Snap shot by Cale Makar.
13:40 of 2nd period - Stopped by Ville Husso without a rebound.
13:41 of 2nd period - Tomas Hertl wins face-off versus Matt Duchene in Panthers zone.
13:44 of 2nd period - Wrist shot by Ondrej Palat.
13:44 of 2nd period - Shot Misses the Net.
14:04 of 2nd period - Minor Penalty to Matt Duchene for Delaying the game.
14:05 of 2nd period - Aleksander Barkov wins face-off versus Sean Couturier in Panthers zone.
16:04 of 2nd period - Penalty to Matt Duchene is over, Matt Duchene is back on ice.
16:22 of 2nd period - Dominik Kahun is hit by Oliver Bjorkstrand and loses puck.
16:32 of 2nd period - Minor Penalty to David Pope for Roughing.
16:33 of 2nd period - Sean Couturier wins face-off versus Matt Duchene in Rangers zone.
17:10 of 2nd period - Wrist shot by Aleksander Barkov.
17:10 of 2nd period - Shot Misses the Net.
17:12 of 2nd period - Slapshot by Danny DeKeiser.
17:12 of 2nd period - Deflect By Patrik Nemeth.
17:12 of 2nd period - Stopped by Eric Comrie with a rebound.
17:14 of 2nd period - Wrist shot by Kirill Kaprizov.
17:14 of 2nd period - Shot Blocked by Ondrej Palat.
17:40 of 2nd period - Cale Makar is hit by Aleksander Barkov and loses puck.
17:53 of 2nd period - Jake McCabe is hit by Drake Batherson and loses puck.
18:32 of 2nd period - Penalty to David Pope is over, David Pope is back on ice.
18:35 of 2nd period - Slapshot by David Pope.
18:35 of 2nd period - Stopped by Ville Husso with a rebound.
18:37 of 2nd period - Snap shot by Casey Mittelstadt.
18:37 of 2nd period - Shot Misses the Net.
19:02 of 2nd period - Snap shot by Samuel Blais.
19:02 of 2nd period - Shot Misses the Net.
19:20 of 2nd period - Wrist shot by Samuel Blais.
19:20 of 2nd period - Shot Blocked by Nikita Kucherov.
19:22 of 2nd period - Snap shot by Samuel Blais.
19:22 of 2nd period - Stopped by Ville Husso without a rebound.
19:23 of 2nd period - Dominik Kahun wins face-off versus Sean Couturier in Panthers zone.
19:28 of 2nd period - Vince Dunn is hit by Dominik Kahun and loses puck.
Goals for this period are 1 for Rangers vs 2 for Panthers.
Shots for this period are 14 for Rangers vs 13 for Panthers.
3rd period
0:01 of 3rd period - Aleksander Barkov wins face-off versus Tomas Hertl in neutral zone.
0:13 of 3rd period - Off-side.
0:14 of 3rd period - Devante Smith-Pelly wins face-off versus Matt Duchene in neutral zone.
1:07 of 3rd period - Icing by Kirill Kaprizov.
1:08 of 3rd period - Kirill Kaprizov wins face-off versus Devante Smith-Pelly in Panthers zone.
1:12 of 3rd period - Off-side.
1:13 of 3rd period - Sean Couturier wins face-off versus Matt Duchene in neutral zone.
1:23 of 3rd period - Minor Penalty to Devante Smith-Pelly for Hooking.
1:24 of 3rd period - Sean Couturier wins face-off versus Matt Duchene in Rangers zone.
1:24 of 3rd period - Sean Couturier is hit by Mikkel Boedker.
1:39 of 3rd period - Snap shot by Alex Pietrangelo.
1:39 of 3rd period - Goal by Alex Pietrangelo - Rangers : 2 - Panthers : 5.
1:40 of 3rd period - Aleksander Barkov wins face-off versus Tomas Hertl in neutral zone.
1:43 of 3rd period - Slapshot by Niklas Hansson.
1:43 of 3rd period - Stopped by Eric Comrie without a rebound.
1:44 of 3rd period - Tomas Hertl wins face-off versus Aleksander Barkov in Rangers zone.
1:53 of 3rd period - Snap shot by Tomas Hertl.
1:53 of 3rd period - Stopped by Ville Husso with a rebound.
1:55 of 3rd period - Slapshot by Jake McCabe.
1:55 of 3rd period - Shot Blocked by Kris Versteeg.
2:15 of 3rd period - Wrist shot by Matt Duchene.
2:15 of 3rd period - Stopped by Eric Comrie with a rebound.
2:38 of 3rd period - Minor Penalty to Henrik Samuelsson for Tripping.
2:39 of 3rd period - Sean Couturier wins face-off versus Matt Duchene in Rangers zone.
4:21 of 3rd period - Icing by Drake Batherson.
4:22 of 3rd period - Drake Batherson wins face-off versus Ryan Strome in Panthers zone.
4:38 of 3rd period - Penalty to Henrik Samuelsson is over, Henrik Samuelsson is back on ice.
4:45 of 3rd period - Slapshot by Cale Makar.
4:45 of 3rd period - Stopped by Ville Husso with a rebound.
4:53 of 3rd period - Wrist shot by Dmitrij Jaskin.
4:53 of 3rd period - Deflect By Nikolay Goldobin.
4:53 of 3rd period - Shot Misses the Net.
4:53 of 3rd period - Puck is out of play.
4:54 of 3rd period - Milan Lucic wins face-off versus Matt Duchene in Rangers zone.
4:54 of 3rd period - Milan Lucic is hit by Mikkel Boedker.
5:04 of 3rd period - Radim Simek is hit by Devante Smith-Pelly and loses puck.
6:06 of 3rd period - Wrist shot by Nikita Kucherov.
6:06 of 3rd period - Shot Misses the Net.
6:11 of 3rd period - Off-side.
6:12 of 3rd period - Tomas Hertl wins face-off versus Aleksander Barkov in neutral zone.
6:15 of 3rd period - Snap shot by Cale Makar.
6:15 of 3rd period - Stopped by Ville Husso with a rebound.
6:25 of 3rd period - Wrist shot by Alex Pietrangelo.
6:25 of 3rd period - Shot Misses the Net.
6:56 of 3rd period - Alex Pietrangelo is hit by Vince Dunn and loses puck.
7:03 of 3rd period - Slapshot by Ryan Strome.
7:03 of 3rd period - Stopped by Ville Husso without a rebound.
7:04 of 3rd period - Henrik Samuelsson wins face-off versus Aleksander Barkov in Panthers zone.
7:17 of 3rd period - Snap shot by Jimmy Vesey.
7:17 of 3rd period - Stopped by Eric Comrie without a rebound.
7:18 of 3rd period - Henrik Samuelsson wins face-off versus Aleksander Barkov in Rangers zone.
7:18 of 3rd period - Henrik Samuelsson is hit by Jimmy Vesey.
7:28 of 3rd period - Wrist shot by Cale Makar.
7:28 of 3rd period - Stopped by Ville Husso with a rebound.
7:30 of 3rd period - Slapshot by Henrik Samuelsson.
7:30 of 3rd period - Shot Blocked by Kris Versteeg.
7:32 of 3rd period - Wrist shot by Oliver Bjorkstrand.
7:32 of 3rd period - Stopped by Ville Husso with a rebound.
7:34 of 3rd period - Snap shot by Henrik Samuelsson.
7:34 of 3rd period - Stopped by Ville Husso without a rebound.
7:35 of 3rd period - Tomas Hertl wins face-off versus Matt Duchene in Panthers zone.
8:20 of 3rd period - Snap shot by Cale Makar.
8:20 of 3rd period - Shot Blocked by Niklas Hansson.
8:22 of 3rd period - Slapshot by Cale Makar.
8:22 of 3rd period - Stopped by Ville Husso with a rebound.
8:24 of 3rd period - Snap shot by Jake McCabe.
8:24 of 3rd period - Shot Misses the Net.
9:06 of 3rd period - Wrist shot by Ryan Strome.
9:06 of 3rd period - Stopped by Ville Husso with a rebound.
9:08 of 3rd period - Snap shot by Ondrej Palat.
9:08 of 3rd period - Stopped by Ville Husso without a rebound.
9:09 of 3rd period - Sean Couturier wins face-off versus Matt Duchene in Panthers zone.
9:34 of 3rd period - Henrik Samuelsson is hit by Kirill Kaprizov and loses puck.
9:43 of 3rd period - Slapshot by Miro Aaltonen.
9:43 of 3rd period - Deflect By Drake Batherson.
9:43 of 3rd period - Shot Misses the Net.
9:43 of 3rd period - Puck is out of play.
9:44 of 3rd period - Sean Couturier wins face-off versus Miro Aaltonen in Rangers zone.
9:44 of 3rd period - Sean Couturier is hit by Drake Batherson.
9:49 of 3rd period - Minor Penalty to Radim Simek for Delaying the game.
9:50 of 3rd period - Aleksander Barkov wins face-off versus Sean Couturier in Panthers zone.
10:00 of 3rd period - Kris Versteeg is hit by Jake McCabe and loses puck.
11:49 of 3rd period - Penalty to Radim Simek is over, Radim Simek is back on ice.
12:15 of 3rd period - Casey Mittelstadt is hit by Radim Simek.
12:21 of 3rd period - Dmitrij Jaskin is hit by Casey Mittelstadt and loses puck.
13:36 of 3rd period - Matt Duchene is hit by Dmitry Kulikov and loses puck.
13:51 of 3rd period - Casey Mittelstadt is hit by Danny DeKeiser and loses puck.
14:19 of 3rd period - Minor Penalty to Ondrej Palat for Tripping.
14:20 of 3rd period - Matt Duchene wins face-off versus Sean Couturier in Rangers zone.
14:23 of 3rd period - Snap shot by Nikita Kucherov.
14:23 of 3rd period - Shot Misses the Net.
14:25 of 3rd period - Slapshot by Danny DeKeiser.
14:25 of 3rd period - Deflect By Nikita Kucherov.
14:25 of 3rd period - Stopped by Eric Comrie with a rebound.
14:27 of 3rd period - Snap shot by Matt Duchene.
14:27 of 3rd period - Deflect By Nikita Kucherov.
14:27 of 3rd period - Shot Blocked by Dmitry Kulikov.
14:27 of 3rd period - Puck is out of play.
14:28 of 3rd period - Matt Duchene wins face-off versus Sean Couturier in Rangers zone.
14:33 of 3rd period - Snap shot by Mikkel Boedker.
14:33 of 3rd period - Goal by Mikkel Boedker - Rangers : 2 - Panthers : 6.
14:34 of 3rd period - Matt Duchene wins face-off versus Sean Couturier in neutral zone.
15:00 of 3rd period - Tomas Hertl is hit by Kris Versteeg and loses puck.
15:23 of 3rd period - Slapshot by Miro Aaltonen.
15:23 of 3rd period - Deflect By Drake Batherson.
15:23 of 3rd period - Stopped by Eric Comrie with a rebound.
15:25 of 3rd period - Slapshot by Griffin Reinhart.
15:25 of 3rd period - Deflect By Drake Batherson.
15:25 of 3rd period - Shot Misses the Net.
15:25 of 3rd period - Puck is out of play.
15:26 of 3rd period - Miro Aaltonen wins face-off versus Sean Couturier in Rangers zone.
15:27 of 3rd period - Snap shot by Drake Batherson.
15:27 of 3rd period - Stopped by Eric Comrie with a rebound.
16:23 of 3rd period - Icing by Cale Makar.
16:24 of 3rd period - Henrik Samuelsson wins face-off versus Nikita Kucherov in Rangers zone.
16:31 of 3rd period - Slapshot by Cale Makar.
16:31 of 3rd period - Deflect By Niklas Hansson.
16:31 of 3rd period - Stopped by Ville Husso with a rebound.
16:45 of 3rd period - Slapshot by Cale Makar.
16:45 of 3rd period - Shot Blocked by Matt Duchene.
16:47 of 3rd period - Wrist shot by Cale Makar.
16:47 of 3rd period - Stopped by Ville Husso without a rebound.
16:48 of 3rd period - Kris Versteeg wins face-off versus Sean Couturier in Panthers zone.
16:50 of 3rd period - Icing by Jimmy Vesey.
16:51 of 3rd period - Aleksander Barkov wins face-off versus Sean Couturier in Panthers zone.
17:27 of 3rd period - Slapshot by Nikita Kucherov.
17:27 of 3rd period - Shot Blocked by Dmitry Kulikov.
18:43 of 3rd period - Alex Pietrangelo is hit by Milan Lucic.
19:40 of 3rd period - Off-side.
19:41 of 3rd period - Tomas Hertl wins face-off versus Matt Duchene in neutral zone.
19:50 of 3rd period - Wrist shot by Ryan Strome.
19:50 of 3rd period - Shot Misses the Net.
19:54 of 3rd period - Slapshot by Ryan Strome.
19:54 of 3rd period - Goal by Ryan Strome - Rangers : 3 - Panthers : 6.
19:55 of 3rd period - Tomas Hertl wins face-off versus Matt Duchene in neutral zone.
Goals for this period are 1 for Rangers vs 2 for Panthers.
Shots for this period are 13 for Rangers vs 8 for Panthers.